 Dungeon Crawl Stone Soup version 0.26-b1-32-g5d43845318 (webtiles) character file.

Game seed: 1944905154384617916

5974 Borgoz the Basher (level 10, -3/63 HPs)
             Began as a Gargoyle Berserker on Jan 10, 2021.
             Was a High Priest of Trog.
             Killed by divine providence
             ... invoked by an orc priest
              (10 damage)
             ... on level 9 of the Dungeon.
             The game lasted 00:14:58 (8083 turns).

Borgoz the Basher (Gargoyle Berserker)              Turns: 8083, Time: 00:14:59

Health: -3/63      AC: 20    Str: 21    XL:     10   Next: 84%
Magic:  10/10      EV: 15    Int:  8    God:    Trog [*****.]
Gold:   386        SH:  0    Dex: 12    Spells: 9/9 levels left

rFire    . . .     SeeInvis .   a - +0 mace
rCold    + . .     Faith    .   (no shield)
rNeg     + . .     Spirit   .   f - +0 ring mail
rPois    ∞         Reflect  .   (no helmet)
rElec    +         Harm     .   (no cloak)
rCorr    .         Rampage  .   j - +0 pair of gloves
Will     ++...                  A - +0 pair of boots (curse)
Stlth    ++........             i - amulet of regeneration
HPRegen  1.60/turn              m - +4 ring of protection
MPRegen  0.12/turn              s - ring of protection from cold

@: berserk cooldown, regenerating
A: negative energy resistance 1, electricity resistance, unbreathing,
petrification resistance, miasma immunity, AC +7
a: Renounce Religion, Berserk, Trog's Hand, Brothers in Arms


You were on level 9 of the Dungeon.
You worshipped Trog.
Trog was extremely pleased with you.
You visited 2 branches of the dungeon, and saw 10 of its levels.

You collected 386 gold pieces.

Inventory:

Hand Weapons
 a - a +0 mace (weapon)
Missiles
 B - a throwing net (quivered)
Armour
 f - a +0 ring mail (worn)
 j - a +0 pair of gloves (worn)
 A - a cursed +0 pair of boots (worn)
Jewellery
 i - an amulet of regeneration (around neck)
 m - a +4 ring of protection (left hand)
 s - a ring of protection from cold (right hand)
Wands
 g - a wand of disintegration (15)
 y - a wand of flame (20)
Scrolls
 b - 4 scrolls of remove curse {unknown}
 c - 3 scrolls of enchant armour {unknown}
 h - a scroll of magic mapping {unknown}
 k - 5 scrolls of teleportation {unknown}
 n - a scroll of blinking {unknown}
 q - 2 scrolls of fog {unknown}
 r - a scroll of fear {unknown}
 u - a scroll of amnesia {unknown}
 v - 2 scrolls of random uselessness {unknown}
Potions
 d - 3 potions of berserk rage
 e - a potion of haste
 l - a potion of might
 p - 3 potions of ambrosia
 t - 4 potions of curing
 x - a potion of flight
 z - 3 potions of mutation
 C - a potion of invisibility


   Skills:
 + Level 7.6 Fighting
 * Level 9.5 Maces & Flails
 + Level 7.1 Armour
 * Level 7.6 Dodging
 - Level 5.0 Stealth


You had 9 spell levels left.
You didn't know any spells.
Your spell library was empty.

Dungeon Overview and Level Annotations

Branches:
Dungeon (9/15)             Temple (1/1) D:6            Lair (0/6) D:8
    Orc (0/2) D:9

Altars:
Ashenzari
Cheibriados
Dithmenos
Elyvilon
Fedhas
Gozag
Hepliaklqana
Kikubaaqudgha
Makhleb
Nemelex Xobeh
Okawaru
Qazlal
Ru
Sif Muna
Trog
Uskayaw
Vehumet
Wu Jian
Xom
Yredelemnul
Zin
The Shining One
Beogh

Shops:
D:7 !


Innate Abilities, Weirdness & Mutations

You are resistant to torment.
Your stone body is resilient. (AC +7)
You are immune to poison.
You resist negative energy. (rN+)
You are resistant to electric shocks. (rElec)
You can survive without breathing.
You are immune to petrification.
You are immune to miasma.


Message History

Okay, then.
Your skin crawls.
You feel strong-willed.
The orc warrior hits you with a +0 mace.
* * * LOW HITPOINT WARNING * * *
You are too injured to fight recklessly!
You hit the orc warrior but do no damage.
You closely miss the orc warrior.
The orc priest looks encouraged for a moment.
The orc warrior barely misses you.
You closely miss the orc warrior.
The orc priest mumbles some strange prayers to Beogh against you.
Beogh smites you!
* * * LOW HITPOINT WARNING * * *
You hear a shout!
You barely miss the orc warrior.
The orc warrior is moderately wounded.
The orc priest mumbles some strange prayers to Beogh against you.
Beogh smites you!
You die...

##### #>._o8#.# ..... ...
#..ooo#.. ##### #.#
#..ooo#.# #.# #..ooo8!##
# #.# #..ooo'o.#.# #.#
#...oo8.o..# #.# #o# #.#
###o##+####
#######'#######.@o......#
#†.....>.....##.........#
))...........##.........#
#)...............)......#
#............##.........#
#.!/!.......(##.†.......+
#............##.........#
#............##.).......#
###############.........#


You could see 4 orc warriors and an orc priest.

Vanquished Creatures
  Harold (D:8)
  Grinder (D:3)
  A wyvern (D:8)
  2 wraiths
  A water moccasin (D:8)
  An ice beast (D:5)
  An orc warrior (D:8)
  A sky beast (D:8)
  A black bear (D:6)
  2 necrophages (D:7)
  2 phantoms
  4 ogres
  8 centaurs
  An elf zombie (D:7)
  2 bullfrogs (D:6)
  A water moccasin skeleton (D:6)
  6 scorpions
  7 wights
  9 electric eels
  A howler monkey (D:7)
  A quasit (D:8)
  A bullfrog zombie (D:8)
  7 human zombies (D:7)
  4 hounds
  3 jellies
  3 bullfrog skeletons
  3 orc priests
  8 orc wizards
  A centaur skeleton (D:5)
  A gnoll shaman (D:8)
  Ijyb (D:3)
  Terence (D:3)
  4 iguanas
  6 worker ants
  A killer bee zombie (D:5)
  An ogre zombie (D:7)
  A mummy (D:7)
  8 adders
  8 gnolls
  A howler monkey skeleton (D:6)
  A shadow imp (D:7)
  2 white imps
  An ooze (D:4)
  2 adder zombies
  An adder skeleton (D:8)
  2 dart slugs (D:1)
  4 leopard geckos
  31 orcs
  5 bats
  9 giant cockroaches
  17 goblins
  5 hobgoblins
  9 jackals
  5 quokkas
  3 frilled lizards
  6 kobolds
  6 rats
226 creatures vanquished.

Vanquished Creatures (others)
  4 plants (D:6)
4 creatures vanquished.

Grand Total: 230 creatures vanquished

Notes
Turn   | Place    | Note
-------+----------+-------------------------------------------
     0 | D:1      | Borgoz the Gargoyle Berserker began the quest for the Orb.
     0 | D:1      | Reached XP level 1. HP: 14/14 MP: 1/1
   204 | D:1      | Reached XP level 2. HP: 19/19 MP: 2/2
   487 | D:1      | Reached XP level 3. HP: 18/23 MP: 3/3
   574 | D:1      | Reached skill level 1 in Stealth
   941 | D:2      | Found an opulent altar of Gozag.
  1131 | D:2      | Reached ** piety under Trog
  1261 | D:2      | Reached XP level 4. HP: 25/28 MP: 4/4
  2003 | D:3      | Noticed Grinder
  2032 | D:2      | Reached XP level 5. HP: 16/33 MP: 5/5
  2087 | D:3      | Killed Grinder
  2088 | D:3      | Reached skill level 4 in Maces & Flails
  2088 | D:3      | Reached XP level 6. HP: 16/38 MP: 6/6
  2273 | D:3      | Found a snail-covered altar of Cheibriados.
  2383 | D:3      | Noticed Ijyb
  2401 | D:3      | Killed Ijyb
  2521 | D:3      | Found a broken altar of Ashenzari.
  2534 | D:3      | Noticed Terence
  2543 | D:3      | Killed Terence
  2660 | D:4      | Found a sparkling altar of Nemelex Xobeh.
  2771 | D:4      | Reached XP level 7. HP: 44/44 MP: 7/7
  2798 | D:4      | Found a shadowy altar of Dithmenos.
  2798 | D:4      | Noticed a shadow
  2802 | D:4      | Found a hazy altar of Hepliaklqana.
  3097 | D:4      | Reached skill level 5 in Maces & Flails
  3299 | D:5      | Entered Level 5 of the Dungeon
  3672 | D:5      | Reached *** piety under Trog
  3685 | D:5      | Reached XP level 8. HP: 35/48 MP: 8/8
  3881 | D:5      | Reached skill level 5 in Fighting
  4108 | D:5      | Reached skill level 6 in Maces & Flails
  4718 | D:6      | Found an iron altar of Okawaru.
  4785 | D:6      | Reached skill level 5 in Dodging
  4907 | D:6      | Reached skill level 5 in Armour
  4907 | D:6      | Reached XP level 9. HP: 46/54 MP: 9/9
  4951 | D:6      | Found a shimmering blue altar of Sif Muna.
  4972 | D:6      | Reached skill level 5 in Stealth
  5270 | D:6      | Reached skill level 7 in Maces & Flails
  5553 | D:6      | Found a staircase to the Ecumenical Temple.
  5578 | Temple   | Entered the Ecumenical Temple
  5825 | D:6      | Found a blossoming altar of Fedhas.
  5941 | D:7      | Reached **** piety under Trog
  6049 | D:7      | Found Hytziusk's Distillery.
  6313 | D:7      | Found an ancient bone altar of Kikubaaqudgha.
  6422 | D:7      | Reached skill level 8 in Maces & Flails
  6494 | D:7      | Reached XP level 10. HP: 42/61 MP: 10/10
  7080 | D:8      | Reached ***** piety under Trog
  7200 | D:8      | Noticed Harold
  7228 | D:8      | Killed Harold
  7229 | D:8      | Reached skill level 9 in Maces & Flails
  7265 | D:8      | Found a staircase to the Lair.
  8063 | D:9      | Found a roughly hewn altar of Beogh.
  8063 | D:9      | Found a staircase to the Orcish Mines.
  8083 | D:9      | Killed from afar by an orc priest

Illustrated notes

Levels and vault maps discovered:
D:1:      onia_arrival_mini_maze_b, layout_loops_ring, minmay_splitting_lines
D:2:      layout_loops_ring, serial_co_window_serial, co_window_corner_a,
          co_window_paths_b, co_window_paths_b, co_window_corner_a,
          co_window_paths_a, co_window_corner_a, co_window_of_opportunity_c,
          co_window_broadway_a, co_window_corner_b, co_window_of_opportunity_b,
          glass_columns_b, glass_columns_b, glass_columns_c, glass_columns_a,
          glass_columns_a, grunt_gozag_breadcrumbs
D:3:      layout_rooms, lemuel_crystal_altar, nicolae_overflow_crystal_walls,
          uniq_terence, uniq_grinder, uniq_ijyb
D:4:      layout_basic, riverfiend_overflow_shadow_ancestor,
          kennysheep_mini_moat, minmay_ogre_servants
D:5:      layout_basic
D:6:      cheibrodos_two_vegetables, layout_loops_ring, led_sif_book,
          fedhas_altar_4, minmay_temple_entry_hall, okawaru_trees_1
D:7:      layout_basic, lemuel_mausoleum_altar_kikubaaqudgha, serial_shops, shop
D:8:      layout_loops_ring, lair_entry_dummy, kennysheep_cross_bottleneck,
          uniq_harold
D:9:      layout_roguey, david_orc_5
Temple:   eino_temple_water

Skill      XL: |  1  2  3  4  5  6  7  8  9 10 |
---------------+-------------------------------+-----
Dodging        | 2 3 4 5 6 7 |  7.6
Stealth        | 1 2 3 4 5 |  5.0
Fighting       | 4 5 6 7 |  7.6
Maces & Flails | 4 5 6 8 9 |  9.5
Armour         | 3 4 5 6 7 |  7.1

Action                   |  1- 3 |  4- 6 |  7- 9 | 10-12 || total
-------------------------+-------+-------+-------+-------++-------
Melee: Mace              |    80 |   175 |   744 |   399 ||  1398
Throw: Throwing net      |       |       |       |     3 ||     3
Invok: Berserk           |       |     2 |     3 |     3 ||     8
       Trog's Hand       |       |     1 |       |     1 ||     2
Evoke: Wand              |       |       |     1 |       ||     1
  Use: Scroll            |       |     5 |     3 |     5 ||    13
       Potion            |       |     1 |       |       ||     1
 Stab: Sleeping          |     2 |       |     6 |     3 ||    11
       Distracted        |       |       |     1 |       ||     1
Armor: Animal skin       |    37 |    56 |       |       ||    93
       Ring mail         |       |    43 |   366 |   212 ||   621
Dodge: Dodged            |    54 |   128 |   477 |   359 ||  1018
